Map: Rhoskallian LE

Players

Rvach

  • Race: Terran Terran
  • League: Diamond
  • Spawn Location: 6:00

BlackFlame

  • Race: Terran Terran
  • League: Platinum
  • Spawn Location: 5:00

qqq - Winner!

  • Race: Zerg Zerg
  • League: Platinum
  • Spawn Location: 12:00

Massa - Winner!

  • Race: Terran Terran
  • League: Gold
  • Spawn Location: 11:00

VOD

Have the link to the VOD?

Description

Time

  • Played on: May 31, 2020, 6:32 a.m.
  • Length: 3:58
Show
View Real Time Build Order
Export as new Build Order

Rvach Terran 

Build Orders: Command Center First (CC) 

Get SALT Encoding   

  12  0:01  SCV  
  13  0:13  SCV  
  14  0:20  Engineering Bay  
  14  0:25  SCV  
  15  0:35  Supply Depot  
  15  0:45  Refinery  
  15  0:57  SCV  
  16  1:22  Command Center  
  16  1:23  SCV  
  17  1:35  SCV  
  18  1:49  SCV  
  18  1:51  Refinery  
  19  2:02  SCV  
  20  2:14  SCV  
  21  2:17  Neosteel Armor  
  21  2:26  SCV  
  22  2:38  SCV  
  23  2:55  SCV  
  24  3:00  Barracks  
  24  3:02  Barracks  
  24  3:07  SCV  
Show
View Real Time Build Order
Export as new Build Order

BlackFlame Terran 

Build Orders:  

Get SALT Encoding   

  12  0:01  SCV  
  13  0:13  SCV  
  14  0:23  Supply Depot  
  14  0:28  SCV  
  15  0:44  SCV  
  16  0:51  Barracks  
  16  0:57  SCV  
  17  1:08  Barracks  
  17  1:09  SCV  
  17  1:11  Refinery  
  18  1:21  SCV  
  19  1:33  SCV  
  20  1:41  Barracks  
  20  1:51  SCV  
  21  2:04  Supply Depot  
  21  2:06  SCV  
  22  2:10  Refinery  
  22  2:11  Reaper  
  23  2:30  Supply Depot  
  23  2:32  Orbital Command  
  23  2:43  Reaper x2  
  25  3:15  Reaper x2  
Show
View Real Time Build Order
Export as new Build Order

qqq Zerg - Winner!

Build Orders: Hatch First 

Get SALT Encoding   

  12  0:05  Drone  
  13  0:14  Drone  
  14  0:36  Hatchery  
  13  0:58  Spawning Pool  
  13  0:59  Overlord  
  13  1:03  Drone  
  13  1:08  Drone  
  14  1:17  Drone  
  14  1:18  Extractor  
  14  1:31  Drone  
  15  1:37  Drone  
  16  1:45  Zergling x2  
  16  1:46  Queen  
  20  1:54  Zergling x2  
  20  2:00  Drone x2  
  22  2:06  Zergling x2  
  23  2:11  Queen  
  25  2:19  Zergling x2  
  25  2:22  Metabolic Boost  
  26  2:31  Zergling x2  
  26  2:33  Zergling x2  
  26  2:36  Overlord  
  28  2:52  Overlord x2  
  28  3:10  Zergling x2  
  28  3:11  Zergling x2  
  30  3:24  Spine Crawler  
  28  3:45  Drone  
  28  3:46  Drone x2  
Show
View Real Time Build Order
Export as new Build Order

Massa Terran - Winner!

Build Orders:  

Get SALT Encoding   

  13  0:14  SCV  
  13  0:19  Supply Depot  
  13  0:26  SCV  
  14  0:38  SCV  
  15  0:43  Barracks  
  15  0:50  SCV  
  16  1:02  SCV  
  17  1:14  SCV  
  18  1:26  SCV  
  18  1:32  Marine  
  19  1:36  Barracks  
  19  1:38  Barracks  
  20  1:48  SCV, Barracks  
  20  1:50  Marine  
  22  2:06  Refinery  
  22  2:08  Marine  
  23  2:30  Supply Depot  
  23  2:41  Supply Depot  
  23  2:51  Orbital Command, Marine x4, Supply Depot  
  27  3:09  Marine x4  
  31  3:26  Supply Depot  
  31  3:27  Marine x4  
Tags
 
Add a new tag
Caveats
  • Supply blocks, unpowered buildings, or Contaminate may cause inaccurate times.
  • Supply counts are checked every 10 seconds.